 Dungeon Crawl Stone Soup version 0.18.1-48-g4cf74bf (webtiles) character file.

100 Lennu the Ducker (level 4, -2/31 HPs)
             Began as a Merfolk Ice Elementalist on June 29, 2016.
             Killed by nerve-wracking pain
             ... invoked by Jessica
              (10 damage)
             ... on level 3 of the Dungeon.
             The game lasted 00:13:11 (2914 turns).

Lennu the Ducker (Merfolk Ice Elementalist)         Turns: 2914, Time: 00:13:11

Health: -2/31      AC:  5    Str:  9 (12) XL:     4   Next: 74%
Magic:  6/7        EV: 13    Int: 11 (14) God:
Gold:   123        SH:  0    Dex: 13 (14) Spells: 2 memorised, 3 levels left

rFire  + . .     SeeInvis .     s - +0 spear
rCold  . . .     Gourm    +     u - +0 leather armour
rNeg   . . .     Faith    .     (no shield)
rPois  .         Spirit   .     (no helmet)
rElec  .         Dismiss  .     d - +0 cloak
rCorr  .         Reflect  .     l - +0 pair of gloves
SustAt .         Harm     .     (no boots)
MR     .....                    g - amulet of the gourmand
Stlth  ++........               e - +3 ring of strength
                                t - ring of protection from fire

@: very slightly contaminated, not resistant to hostile enchantments, unstealthy
A: change form in water, swift swim
a: no special abilities


You were on level 3 of the Dungeon.
You were very full.

You visited 1 branch of the dungeon, and saw 3 of its levels.

You collected 123 gold pieces.

Inventory:

Hand Weapons
 s - a +0 spear (weapon)
Armour
 d - a +0 cloak (worn)
 l - a +0 pair of gloves (worn)
 u - a +0 leather armour (worn)
Jewellery
 e - a +3 ring of strength (right hand)
 g - an amulet of the gourmand (around neck)
 t - a ring of protection from fire (left hand)
Scrolls
 f - 4 scrolls of noise {unknown}
 i - a scroll of immolation {unknown}
 j - a scroll of fear {unknown}
 o - 3 scrolls of identify {unknown}
 r - 3 scrolls of remove curse {unknown}
Potions
 k - a potion of degeneration
Books
 b - a book of Frost

   Spells                             Type                      Level
   a - Freeze                         Ice                          1
   b - Throw Frost                    Conjuration/Ice              2
   c - Ozocubu's Armour               Charms/Ice                   3
   d - Throw Icicle                   Conjuration/Ice              4
   e - Summon Ice Beast               Ice/Summoning                4
 p - a book of Alchemy

   Spells                             Type                      Level
   a - Sublimation of Blood           Necromancy                   2
   b - Ignite Poison                  Fire/Transmutation/Poison    3
   c - Petrify                        Transmutation/Earth          4
   d - Alistair's Intoxication        Transmutation/Poison         5
   e - Irradiate                      Conjuration/Transmutation    5
Comestibles
 c - 3 bread rations
 h - 2 meat rations
 m - a slice of pizza


   Skills:
 * Level 0.4 Fighting
   Level 0.1 Maces & Flails
 * Level 1.3 Polearms
 * Level 0.7 Armour
 * Level 4.3 Dodging
 - Level 2.3 Stealth
 + Level 2.2 Spellcasting
   Level 0.7 Conjurations
 * Level 0.4 Charms
 * Level 4.1 Ice Magic


You had 3 spell levels left.
You knew the following spells:

 Your Spells              Type           Power        Failure   Level  Hunger
a - Freeze                Ice            ##..         10%         1    ##.....
b - Ozocubu's Armour      Chrm/Ice       #.......     54%         3    ####...


Dungeon Overview and Level Annotations

Branches:
Dungeon (3/15)

Altars:
Ashenzari
Okawaru
Yredelemnul
Zin

Annotations:
D:2 Sigmund
D:3 Jessica


Message History

You kill the jackal!
Jessica casts a spell.
Jessica blinks!
Attack whom?
Press: ? - help, Dir - move target cursor, f - you
Okay, then.
You see here a worker ant corpse.
You hit Jessica.
Jessica is heavily wounded.
Jessica hits you but does no damage. x2
You hit Jessica but do no damage.
Jessica is heavily wounded.
Jessica says, "I'm really upset."
Jessica barely misses you.
You barely miss Jessica.
Jessica is heavily wounded.
Jessica hits you but does no damage. Jessica gestures at you while chanting.
Pain shoots through your body!
You die...

....#.......
....).....####
...>..#......
...........### ##
.............#...
......#....###.###
......#..........#
.............#.#.#
...........#...#@#
...........#####@#
.................#.#
.................(.#
.................#.#
...........#####.#.#
..................##
...........########
...........#


You could see Jessica.

Vanquished Creatures
  A worker ant (D:3)
  2 adders (D:2)
  An ooze (D:2)
  4 dart slugs
  A giant gecko (D:2)
  An orc (D:3)
  3 bats (D:2)
  A giant cockroach (D:1)
  6 goblins
  6 hobgoblins
  2 jackals (D:3)
  5 kobolds
  A quokka (D:3)
  A ball python (D:1)
  4 giant newts
  8 rats
47 creatures vanquished.

Notes
Turn   | Place    | Note
--------------------------------------------------------------
     0 | D:1      | Lennu the Merfolk Ice Elementalist began the quest for the Orb.
     0 | D:1      | Reached XP level 1. HP: 13/13 MP: 3/3
   284 | D:1      | Reached XP level 2. HP: 18/19 MP: 3/5
  1319 | D:2      | Found a shattered altar of Ashenzari.
  1338 | D:2      | Reached XP level 3. HP: 16/24 MP: 6/6
  1624 | D:2      | Learned a level 3 spell: Ozocubu's Armour
  1858 | D:2      | Found an iron altar of Okawaru.
  1994 | D:2      | Found a basalt altar of Yredelemnul.
  2079 | D:2      | Found a glowing silver altar of Zin.
  2111 | D:2      | Noticed Sigmund
  2167 | D:2      | Reached XP level 4. HP: 7/30 MP: 4/7
  2679 | D:2      | Reached skill level 1 in Polearms
  2866 | D:3      | Noticed Jessica
  2914 | D:3      | Killed from afar by Jessica

Skill      XL: |  1  2  3  4 |
---------------+-------------+-----
Dodging        | 3 4 |  4.3
Ice Magic      | 4 |  4.1
Polearms       | 1 |  1.3
Fighting       | |  0.4
Maces & Flails | |  0.1
Armour         | |  0.7
Stealth        | |  2.3
Spellcasting   | |  2.2
Conjurations   | |  0.7
Charms         | |  0.4

Action                   |  1- 3 |  4- 6 || total
-------------------------+-------+-------++-------
Melee: Club              |   142 |       ||   142
       Spear             |    25 |    80 ||   105
 Cast: Freeze            |    11 |     2 ||    13
       Ozocubu's Armour  |       |     2 ||     2
  Use: Scroll            |       |     1 ||     1
       Potion            |       |     1 ||     1
 Stab: Sleeping          |     3 |       ||     3
       Distracted        |     1 |       ||     1
  Eat: Chunk             |    16 |     2 ||    18
Armor: Robe              |    11 |       ||    11
       Ring mail         |    52 |       ||    52
       Leather armour    |     8 |    30 ||    38
Dodge: Dodged            |   126 |    86 ||   212
